 Dungeon Crawl Stone Soup version 0.29.1-1-gd02db6906a (webtiles) character file.

Game seed: 14966444944999678584

4 H0rd4k the Insei (level 1, 0/13 HPs)
             Began as an Octopode Transmuter on Oct 20, 2022.
             Slain by a kobold
             ... wielding a +0 whip
              (5 damage)
             ... on level 1 of the Dungeon.
             The game lasted 00:00:10 (55 turns).

H0rd4k the Insei (Octopode Transmuter)                Turns: 55, Time: 00:00:10

Health: 0/13       AC:  1    Str:  9    XL:     1   Next: 60%
Magic:  3/3        EV: 13    Int: 15    God:
Gold:   0          SH:  0    Dex: 12    Spells: 3/4 levels left

rFire   . . .      SeeInvis .     - Unarmed
rCold   . . .      Faith    .   (no shield)
rNeg    . . .      Spirit   .   (helmet restricted)
rPois   .          Reflect  .   (no amulet)
rElec   .          Harm     .   (no ring)
rCorr   .          Rampage  .   (no ring)
Will    .....                   (no ring)
Stlth   ++........              (no ring)
HPRegen 0.04/turn               (no ring)
MPRegen 0.08/turn               (no ring)
                                (no ring)
                                (no ring)

@: no status effects
A: almost no armour, amphibious, 8 rings, camouflage 1, gelatinous body 1,
(nimble swimmer 1), tentacles
a: no special abilities


You were on level 1 of the Dungeon.
You visited 1 branch of the dungeon, and saw 1 of its levels.

Inventory:

Potions
 a - a potion of lignification


   Skills:
 + Level 1.0 Fighting
 + Level 2.0 Dodging
 + Level 3.1 Unarmed Combat
 + Level 2.0 Spellcasting
 + Level 2.0 Transmutations


You had 3 spell levels left.
You knew the following spells:

 Your Spells              Type           Power      Damage    Failure   Level
a - Beastly Appendage     Tmut           14%        N/A       10%         1

Your spell library contained the following spells:

 Spells                   Type           Power      Damage    Failure   Level
 Wereblood                Tmut           7%         N/A       14%         2
 Spider Form              Tmut/Pois      4%         N/A       41%         3
 Ice Form                 Ice/Tmut       4%         N/A       82%         4


Dungeon Overview and Level Annotations

Branches:
Dungeon (1/15)

Altars:


Innate Abilities, Weirdness & Mutations

You cannot wear most types of armour.
You are amphibious.
You can wear up to eight rings at the same time.
Your skin changes colour to match your surroundings (Stealth+).
Your rubbery body absorbs attacks. (AC +1, EV +1)
((You are camouflaged when in or above water. (Stealth+)))
You have tentacles for arms and can constrict up to eight enemies at once.


Message History

You grab the rat. You constrict the rat. The rat completely misses you.
A rat is nearby!
You tentacle-slap the rat.
You kill the rat!
A giant cockroach comes into view.
A giant cockroach is nearby!
A giant cockroach is nearby!
A giant cockroach is nearby!
A hobgoblin comes into view.
There are monsters nearby!
A kobold comes into view. It is wielding a +0 whip.
The kobold shouts!
The hobgoblin closely misses you.
A bat comes into view.
There are monsters nearby!
You tentacle-slap the hobgoblin but do no damage.
You grab the hobgoblin. You constrict the hobgoblin. The hobgoblin hits you.
The bat hits you. The giant cockroach barely misses you.
There are monsters nearby!
You completely miss the hobgoblin.
The hobgoblin is moderately wounded.
You constrict the hobgoblin. The bat hits you but does no damage.
The bat barely misses you. The hobgoblin closely misses you.
The kobold misses you.
The giant cockroach bites you but does no damage.
There are monsters nearby!
You tentacle-slap the hobgoblin.
You kill the hobgoblin!
The bat barely misses you. The giant cockroach barely misses you.
The kobold closely misses you.
There are monsters nearby!
You tentacle-slap the bat but do no damage.
Your grab misses the bat. You squeeze the bat.
You kill the bat!
The giant cockroach barely misses you. The kobold closely misses you.
The giant cockroach bites you. The giant cockroach bites you.
You completely miss the kobold. Your grab misses the kobold.
The kobold hits you with a +0 whip.
You die...

## #####.. #...#.
#....
#####.†.##########
........BK@.......
.......#.####.####
######.#.# #.###
##.#.####...##
#...?........###
#..#......†....#
#..#.####.##.#.#
#..#.# #..# # #.
#.#####.#


You could see a giant cockroach and a kobold.

Vanquished Creatures
  A bat (D:1)
  A hobgoblin (D:1)
  A kobold (D:1)
  A rat (D:1)
4 creatures vanquished.

Notes
Turn   | Place    | Note
-------+----------+-------------------------------------------
     0 | D:1      | H0rd4k the Octopode Transmuter began the quest for the Orb.
     0 | D:1      | Reached XP level 1. HP: 13/13 MP: 3/3
     5 | D:1      | Found a faded altar of an unknown god.
    55 | D:1      | Slain by a kobold

Illustrated notes

Levels and vault maps discovered:
D:1:      minmay_arrival_three_doors, layout_loops_ring, basic_ecumenical_altar

Action                   || total
-------------------------++-------
Melee: Unarmed           ||     8
       Constrict         ||     2
       Tentacles         ||     1
Armor: Skin              ||     2
Dodge: Dodged            ||    12
